 Dungeon Crawl Stone Soup version 0.23-a0-143-g1adec7b (webtiles) character file.

387 CanOfBees the Skirmisher (level 6, -7/56 HPs)
             Began as a Minotaur Abyssal Knight on Aug 31, 2018.
             Was a Believer of Lugonu.
             Splashed by Ijyb's acid (17 damage)
             ... on level 3 of the Dungeon.
             The game lasted 00:05:40 (2421 turns).

CanOfBees the Skirmisher (Minotaur Abyssal Knight)  Turns: 2421, Time: 00:05:41

Health: -7/56      AC:  5    Str: 19    XL:     6   Next: 49%
Magic:  6/7        EV:  8    Int:  9    God:    Lugonu [**....]
Gold:   81         SH:  0    Dex:  9    Spells: 5/5 levels left

rFire    . . .     SeeInvis .   a - +1 spear
rCold    . . .     Gourm    .   (no shield)
rNeg     . . .     Faith    .   r - +0 chain mail
rPois    .         Spirit   .   (helmet restricted)
rElec    .         Reflect  .   (no cloak)
rCorr    .         Harm     .   (no gloves)
MR       .....                  (no boots)
Stlth    ..........             (no amulet)
HPRegen  0.18/turn              (no ring)
MPRegen  0.10/turn              (no ring)

@: corroded
A: retaliatory headbutt, horns 2
a: Depart the Abyss, Bend Space, Renounce Religion


You were on level 3 of the Dungeon.
You worshipped Lugonu.
Lugonu was pleased with you.
You were hungry.

You visited 1 branch of the dungeon, and saw 3 of its levels.
You visited the Abyss 1 time.

You collected 81 gold pieces.

Inventory:

Hand Weapons
 a - a +1 spear (weapon)
 b - a +2 dagger of venom
Missiles
 d - 107 stones
 o - 6 tomahawks (quivered)
Armour
 p - a +0 ring mail
 r - a +0 chain mail (worn)
Wands
 s - a wand of digging (9)
Scrolls
 e - a scroll of identify
 f - a scroll of enchant weapon {unknown}
 g - a scroll of teleportation {unknown}
 k - a scroll of fear {unknown}
 l - 2 scrolls of random uselessness {unknown}
 m - a scroll of amnesia {unknown}
 n - a scroll of immolation {unknown}
Potions
 h - 2 potions of brilliance
 i - a potion of ambrosia
 q - 2 potions of invisibility {unknown}
Comestibles
 c - 2 rations


   Skills:
 + Level 5.1 Fighting
 + Level 4.3 Polearms
 + Level 4.3 Armour
 + Level 3.3 Dodging
 + Level 3.3 Invocations


You had 5 spell levels left.
You didn't know any spells.
Your spell library was empty.

Dungeon Overview and Level Annotations

Branches:
Dungeon (3/15)

Altars:
Uskayaw

Annotations:
D:3 Ijyb


Innate Abilities, Weirdness & Mutations

You reflexively headbutt those who attack you in melee.
You have a pair of horns on your head.


Message History

You closely miss Ijyb. You headbutt Ijyb.
Ijyb is lightly wounded.
Ijyb zaps a wand.
The bolt of acid misses you.
It is a wand of acid (6).
You hit Ijyb but do no damage. Ijyb barely misses you.
You closely miss Ijyb. Your headbutt misses Ijyb.
Ijyb zaps a wand.
The bolt of acid hits you!
You are splashed with acid!
The acid burns!
You hit Ijyb but do no damage. Ijyb closely misses you.
You furiously retaliate!
You headbutt Ijyb. Space bends around you!
You blink.
Evoke which item? (* to show all) (? for menu, Esc to quit)
Okay, then.
Evoke which item? (* to show all) (? for menu, Esc to quit)
Aiming: Dig
Press: ? - help, Shift-Dir - straight line A rock wall.
The rock shatters into small pieces.
Ijyb zaps a wand.
The bolt of acid hits you!
* * * LOW HITPOINT WARNING * * *
The acid corrodes you!
You are splashed with acid!
The acid burns!
You die...

.###.# #......##.....# ..##.#
#.........##### ..##.#
##.......### #.##.# ##....g..##
##### #....# #........# ##....
...#.# #...%....# ##.....
##...######........# #......
(.##.....#...###.### #......
#.##.........###@# #......
#.##..#.####.....# #......
#.##..#.##...###.## ####......
#.##..#.##.### #..######.........
#.##..#.##)# ###..#...)..##......
#.#...#..รท.###......#######......
..#..##........##...# #......
.....#...##########.# #......
.........## #.. #......


You could see Ijyb.

Vanquished Creatures
  Sigmund (D:3)
  A phantom (D:3)
  Terence (D:3)
  6 adders
  3 worms
  A dart slug (D:1)
  2 leopard geckos (D:1)
  4 bats
  3 giant cockroaches (D:2)
  7 goblins
  4 hobgoblins
  2 jackals (D:3)
  A ball python (D:1)
  2 frilled lizards
  A giant cockroach zombie (D:3)
  7 kobolds
  4 rats (D:1)
50 creatures vanquished.

Notes
Turn   | Place    | Note
-------+----------+-------------------------------------------
     0 | Abyss:1  | CanOfBees the Minotaur Abyssal Knight began the quest for
                  | the Orb.
     0 | Abyss:1  | Reached XP level 1. HP: 19/19 MP: 1/1
    15 | D:1      | Escaped the Abyss
   142 | D:1      | Reached XP level 2. HP: 20/27 MP: 2/2
   881 | D:2      | Reached skill level 4 in Fighting
   881 | D:2      | Reached XP level 3. HP: 22/33 MP: 3/3
  1115 | D:2      | Reached ** piety under Lugonu
  1408 | D:2      | Reached XP level 4. HP: 40/40 MP: 4/4
  1623 | D:3      | Found a hide-covered altar of Uskayaw.
  1629 | D:3      | Noticed Sigmund
  1659 | D:3      | Killed Sigmund
  1659 | D:3      | Reached XP level 5. HP: 19/47 MP: 4/6
  1861 | D:3      | Noticed a phantom
  1907 | D:3      | Killed a phantom
  1907 | D:3      | Reached skill level 5 in Fighting
  1907 | D:3      | Reached XP level 6. HP: 55/56 MP: 7/7
  1926 | D:3      | Noticed Terence
  1948 | D:3      | Killed Terence
  2410 | D:3      | Noticed Ijyb
  2421 | D:3      | Splashed by Ijyb's acid

Vault maps used:
D:1:      shiori_arrival_maze
D:2:      hex_tiny
D:3:      old_standard_altar, minmay_cupped, uniq_sigmund, uniq_ijyb,
          uniq_terence

Skill      XL: |  1  2  3  4  5 |
---------------+----------------+-----
Invocations    | 2 3 |  3.3
Fighting       | 4 5 |  5.1
Polearms       | 3 4 |  4.3
Armour         | 3 4 |  4.3
Dodging        | 2 3 |  3.3

Action                   |  1- 3 |  4- 6 || total
-------------------------+-------+-------++-------
Melee: Spear             |    73 |    68 ||   141
       Dagger            |    12 |    10 ||    22
       Headbutt          |     2 |    14 ||    16
Throw: Tomahawk          |     6 |     3 ||     9
Invok: Bend Space        |       |     1 ||     1
Evoke: Wand              |       |     1 ||     1
  Use: Scroll            |       |     2 ||     2
  Eat: Chunk             |     2 |     2 ||     4
Armor: Leather armour    |    14 |       ||    14
       Ring mail         |       |     7 ||     7
       Chain mail        |       |    13 ||    13
Dodge: Dodged            |    40 |    39 ||    79

Table legend:
 A = Non-vault XP
 B = Vault XP
 C = Vault XP percentage of total XP
 D = Non-vault monster count
 E = Vault monster count
 F = Vault count percentage of total count
                 A         B        C        D         E       F
            +---------+---------+-------+---------+---------+-------
      Total |     274 |     280 |  50.5 |      44 |       6 |  12.0
            +---------+---------+-------+---------+---------+-------
        D:1 |      26 |       3 |  10.3 |      15 |       2 |  11.8
        D:2 |      89 |       0 |   0.0 |      15 |       0 |   0.0
        D:3 |     159 |     277 |  63.5 |      14 |       4 |  22.2
            +---------+---------+-------+---------+---------+-------
